 Dungeon Crawl Stone Soup version 0.32-a0-612-g1c984fe9d1 (webtiles) character file.

Game seed: 352643297261402156

66 jlumianski the Chopper (level 4, 0/34 HPs)
             Began as a Coglin Gladiator on Mar 5, 2024.
             Slain by a steam dragon (2 damage)
             ... on level 4 of the Dungeon.
             The game lasted 00:08:21 (1697 turns).

jlumianski the Chopper (Coglin Gladiator)           Turns: 1697, Time: 00:08:22

Health: 0/34       AC:  6    Str: 21    XL:     4   Next: 15%
Magic:  4/4        EV: 12    Int:  7    God:
Gold:   107        SH:  0    Dex: 15    Spells: 3/3 levels left

rFire   . . .        a - +0 war axe {Rupprecht}
rCold   + . .        o - +1 whip of Kyty {flame, rPois rC+ Will++ Str+4}
rNeg    . . .        p - +0 ring mail
rPois   +            c - +0 helmet
rElec   .            (no cloak)
rCorr   .            (no gloves)
SInv    .            (no boots)
Will    ++...        (amulet unavailable)
Stlth   +            (ring unavailable)
HPRegen 0.25/turn    (ring unavailable)
MPRegen 0.09/turn    (no gizmo)

%: no passive effects
@: revving
A: off-hand wielding, slow wielding, warmup strikes, no jewellery
a: Invent Gizmo


You were on level 4 of the Dungeon.
You visited 1 branch of the dungeon, and saw 4 of its levels.

You collected 107 gold pieces.

Inventory:

Hand Weapons
 a - a +0 war axe (weapon) {Rupprecht}
 f - a +0 dagger {Kenzo}
 o - the +1 whip of Kyty (offhand) {flame, rPois rC+ Will++ Str+4}
   (You found it on level 3 of the Dungeon)

   Str+4:     It affects your strength (+4).
   rC+:       It protects you from cold.
   rPois:     It protects you from poison.
   Will++:    It greatly increases your willpower.
 q - a +1 dagger of venom
Missiles
 d - 3 throwing nets (quivered)
 e - a javelin
Armour
 b - a +0 leather armour
 c - a +0 helmet (worn)
 p - a +0 ring mail (worn)
Scrolls
 h - a scroll of identify {unknown}
 k - a scroll of summoning {unknown}
 l - a scroll of blinking {unknown}
Potions
 g - a potion of haste {unknown}
 i - a potion of magic {unknown}
 j - a potion of curing {unknown}
 m - a potion of cancellation {unknown}
 n - a potion of berserk rage {unknown}


   Skills:
 + Level 2.4 Fighting
 + Level 0.1 Short Blades
 + Level 3.8 Axes
 + Level 1.8 Throwing
 + Level 0.8 Armour
 + Level 3.2 Dodging


You had 3 spell levels left.
You didn't know any spells.
Your spell library contained the following spells:

 Spells                   Type           Power      Damage    Failure   Level
 Apportation              Tloc           0%         N/A       61%         1
 Necrotise                Necr           0%         1d4       61%         1
 Sting                    Conj/Alch      0%         1d3       61%         1
 Summon Small Mammal      Summ           0%         N/A       61%         1


Dungeon Overview and Level Annotations

Branches:
Dungeon (4/15)
 Temple: D:4-7

Altars:


Innate Abilities, Weirdness & Mutations

You can wield a second weapon in your off-hand.
It takes a long time for you to wield or remove held weapons.
Your first few attacks do less damage.
You cannot equip rings or amulets.


Message History

You completely miss the ball python with your +0 war axe.
You hit the ball python with the +1 whip of Kyty.
You burn the ball python.
You kill the ball python!
You see here a ball python corpse.
You see here a ball python corpse.
There is a stone staircase leading up here.
You climb upwards.
There is a stone staircase leading down here.
Found an emerald ring.
Found a stone staircase leading down.
There is a stone staircase leading down here.
You climb downwards.
Found 18 gold pieces.
There is a stone staircase leading up here.
You see here 7 gold pieces.
You now have 107 gold pieces (gained 7).
There is a stone staircase leading up here.
Found a scroll labelled PIEDGH UPSIYCH.
The steam dragon bites you! The steam dragon closely misses you.
You closely miss the steam dragon with your +0 war axe.
You hit the steam dragon with the +1 whip of Kyty.
You burn the steam dragon. The steam dragon barely misses you.
The steam dragon misses you. The steam dragon closely misses you.
The steam dragon misses you.
You hit the steam dragon with the +1 whip of Kyty.
You burn the steam dragon.
The steam dragon is lightly wounded.
You hit the steam dragon with your +0 war axe.
The steam dragon bites you.
The steam dragon claws you but does no damage.
You closely miss the steam dragon with your +0 war axe.
The steam dragon is moderately wounded.
You closely miss the steam dragon with the +1 whip of Kyty.
The steam dragon breathes steam at you. The ball of steam hits you!!
Ouch! That really hurt!
* * * LOW HITPOINT WARNING * * *
Found a robe.
The steam dragon bites you.
You die...

.. #..[... ..
.?###...... ...
.......... .... .
.........##....
.................
$................
.... #...........
.....###D@.....#
.......§§§.......
.....#.§§##.##...
... ##§## ... . .
.... ... ..#....
...# ... ##....
.... .. ......
..####### .
..###.. ##...+#


You could see a steam dragon (catching breath).

Vanquished Creatures
  Robin (D:1)
  2 adders
  An orc (D:2)
  2 endoplasms (D:2)
  11 goblins
  4 hobgoblins
  3 jackals (D:1)
  4 ball pythons
  3 bats
  3 kobolds
  A rat (D:2)
35 creatures vanquished.

Notes
Turn   | Place    | Note
-------+----------+-------------------------------------------
     0 | D:1      | jlumianski the Coglin Gladiator began the quest for the
                  | Orb.
     0 | D:1      | Reached XP level 1. HP: 16/16 MP: 1/1
   276 | D:1      | Reached XP level 2. HP: 19/22 MP: 2/2
   555 | D:2      | Noticed Robin
   641 | D:1      | Killed Robin
   647 | D:1      | Reached XP level 3. HP: 5/27 MP: 3/3
  1159 | D:3      | Identified the +1 whip of Kyty {flame, rPois rC+ Will++
                  | Str+4}
  1196 | D:2      | Reached XP level 4. HP: 34/34 MP: 4/4
  1306 | D:2      | You fall into a shaft and drop 1 floor!
  1688 | D:4      | Noticed a steam dragon
  1697 | D:4      | Slain by a steam dragon

Illustrated notes

Levels and vault maps discovered:
D:1:      lightli_arrival_lavapool, layout_basic, serial_curves, eino_curves_03,
          eino_curves_02
D:2:      layout_loops_ring, minmay_splitting_lines, corexii_shack, minivault_4,
          nicolae_concentric_dashed_squares_mild, uniq_robin
D:3:      layout_loops_ring, makhleb_altar_promises_db, serial_shops,
          shop_statue, eino_tiny_chamber, minmay_randomly_rotated_circles
D:4:      layout_cave_pools, grunt_temple_overflow_opulence, grunt_ministairs_4,
          minmay_between

Skill      XL: |  1  2 |
---------------+-------+-----
Dodging        | 3 |  3.2
Fighting       | |  2.4
Short Blades   | |  0.1
Axes           | |  3.8
Throwing       | |  1.8
Armour         | |  0.8

Action                     |  1- 3 |  4- 6 || total
---------------------------+-------+-------++-------
  Melee: War axe           |    51 |    11 ||    62
         Dagger            |    42 |       ||    42
         Whip              |     2 |    11 ||    13
 Armour: Leather armour    |    69 |       ||    69
         Ring mail         |       |     8 ||     8
  Dodge: Dodged            |    54 |    11 ||    65

Table legend: (Time is in decaauts)
 A = Elapsed time spent in this place.
 B = Non-inter-level travel time spent in this place.
 C = Inter-level travel time spent in this place.
 D = Time resting spent in this place.
 E = Time spent auto-exploring this place.
 F = Levels seen in this place.
 G = Mean time per level.
                   A        B        C        D        E       F      G
               +--------+--------+--------+--------+--------+-----+--------+
         Total |   1722 |   1705 |     17 |    225 |    995 |   4 |  430.5 |
       Dungeon |   1722 |   1705 |     17 |    225 |    995 |   4 |  430.5 |
               +--------+--------+--------+--------+--------+-----+--------+

Top non-repeatable levels by time:
     D:1: 864 daAuts
     D:2: 733 daAuts
     D:3: 103 daAuts
     D:4: 21 daAuts
